 Dungeon Crawl Stone Soup version 0.15.1-3-g1b33baa (webtiles) character file.

61 Johnny the Chiller (level 3, -1/28 HPs)
             Began as a Demigod Ice Elementalist on Oct 10, 2014.
             Killed from afar by an orc wizard (6 damage)
             ... with a magic dart
             ... on Level 3 of the Dungeon.
             The game lasted 00:04:24 (1463 turns).

Johnny the Chiller (Demigod Ice Elementalist)       Turns: 1463, Time: 00:04:24

HP  -1/28        AC  4     Str 11      XL: 3   Next: 58%
MP   3/8         EV 15     Int 17 (20) God:
Gold 72          SH  0     Dex 17      Spells:  1 memorised,  5 levels left

rFire  . . .     SeeInvis .     e - +0 short sword
rCold  . . .     Clarity  .     w - +0 leather armour
rNeg   . . .     rCorr    .     (no shield)
rPois  +         rRot     .     (no helmet)
rElec  .         Spirit   .     (no cloak)
SustAb .         Warding  .     (no gloves)
rMut   .         Stasis   .     i - +0 pair of boots
Gourm  .                        (no amulet)
MR     .....                    q - ring of poison resistance
                                k - +4 ring of evasion

@: confused, not resistant to hostile enchantments, very unstealthy
A: no striking features
a: no special abilities


You were on level 3 of the Dungeon.
You were not hungry.

You visited 1 branch of the dungeon, and saw 3 of its levels.

You collected 72 gold pieces.

Inventory:

Hand weapons
 e - a +0 short sword (weapon)
Armour
 a - a +0 robe
 i - a +0 pair of boots (worn)
 w - a +0 leather armour (worn)
Magical devices
 n - a wand of confusion (16) {unknown}
 s - a wand of magic darts (14) {unknown}
Comestibles
 c - 5 bread rations
 f - a beef jerky
 r - a meat ration
Scrolls
 d - 2 scrolls of teleportation {unknown}
 l - a scroll of random uselessness {unknown}
 m - 2 scrolls of identify {unknown}
 u - a scroll of remove curse {unknown}
Jewellery
 k - a +4 ring of evasion (left hand)
 q - a ring of poison resistance (right hand)
 t - an uncursed ring of stealth {unknown}
Potions
 g - a potion of degeneration
 h - 2 potions of might {unknown}
 j - a potion of brilliance {unknown}
 p - a potion of agility {unknown}
 v - a potion of cancellation {unknown}
Books
 b - a book of Frost

   Spells                             Type                      Level
   *Freeze                            Ice                          1
   Throw Frost                        Conjuration/Ice              2
   Ozocubu's Armour                   Charms/Ice                   3
   Throw Icicle                       Conjuration/Ice              4
   Summon Ice Beast                   Ice/Summoning                4
   Condensation Shield                Ice                          4


   Skills:
 * Level 1.1 Fighting
 + Level 0.6 Armour
 + Level 2.1 Dodging
 + Level 2.3 Stealth
 * Level 2.0 Spellcasting
   Level 0.8 Conjurations
 * Level 3.2 Ice Magic


You had 5 spell levels left.
You knew the following spells:

 Your Spells              Type           Power        Failure   Level  Hunger
a - Freeze                Ice            ##..         6%          1    #......


Dungeon Overview and Level Annotations

Branches:
Dungeon (3/15)


Message History

Okay, then.
Unknown command.
The orc wizard points at you and mumbles some strange words.
You are more confused.
The orc wizard gestures at you while chanting.
The puff of flame hits you! The orc wizard misses you.
You hit the orc wizard but do no damage.
The orc wizard is severely wounded.
The orc wizard casts a spell at you. The puff of flame hits you!
Ouch! That really hurt!
* * * LOW HITPOINT WARNING * * *
Drink which item? (? for menu, Esc to quit)
There was something very wrong with that liquid!
You feel dopey.
It was a potion of degeneration.
The orc wizard points at you and mumbles some strange words.
The magic dart hits you!
You die...

#.# #..<#.# #.#
###.#.# #.# #.#.#
.########.# #.#..
....(.....# #.#..
..........#####.#..
.........#...#...
.........o...+.. .
.........#@..##....#
........+.........#
.....o.##...#.....#
......o###### ....
....... .. ..o.# ...


You could see an orc wizard.

Vanquished Creatures
  An adder (D:1)
  A giant mite (D:1)
  A worm (D:2)
  An orc (D:3)
  A bat (D:1)
  2 giant cockroaches
  8 goblins
  7 hobgoblins
  A quokka (D:2)
  2 giant newts (D:1)
  8 kobolds
  6 rats
39 creatures vanquished.

Notes
Turn   | Place    | Note
--------------------------------------------------------------
     0 | D:1      | Johnny, the Demigod Ice Elementalist, began the quest for the Orb.
     0 | D:1      | Reached XP level 1. HP: 14/14 MP: 3/3
   380 | D:1      | Reached XP level 2. HP: 17/22 MP: 0/4
   583 | D:1      | Reached skill level 3 in Ice Magic
   681 | D:1      | Reached XP level 3. HP: 25/27 MP: 5/7
   815 | D:1      | Found a sparkling altar of Nemelex Xobeh.
  1141 | D:2      | Reached skill level 1 in Fighting
  1212 | D:2      | Found a radiant altar of Vehumet.
  1463 | D:3      | Killed from afar by an orc wizard

Action                   || total
-------------------------++-------
Melee: Short sword       ||    21
       Unarmed           ||     2
 Cast: Freeze            ||    62
  Use: Potion            ||     1
  Eat: Chunk             ||     2
